 Dungeon Crawl Stone Soup version 0.31-a0-167-g1c394c0614 (webtiles) character file.

Game seed: 12516358645166838569

485 qw the Shooter (level 7, -1/55 (64) HPs)
             Began as a Naga Hunter on June 14, 2023.
             Slain by a wight
             ... wielding a +0 great sword
              (5 damage)
             ... on level 3 of the Dungeon.
             The game lasted 00:01:32 (3815 turns).

qw the Shooter (Naga Hunter)                        Turns: 3815, Time: 00:01:32

HP:   -1/55 (64)    AC:  7    Str: 13    XL:     7   Next: 13%
MP:   7/7           EV: 15    Int:  9    God:
Gold: 246           SH:  0    Dex: 17    Spells: 6/6 levels left

rFire   . . .        Y - +0 shortbow
rCold   . . .        (shield currently unavailable)
rNeg    . . .        c - +0 leather armour
rPois   +            f - +0 helmet
rElec   .            b - +0 cloak
rCorr   .            a - +0 pair of gloves
SInv    +            (no barding)
Will    .....        (no amulet)
Stlth   ++           e - +5 ring of evasion
HPRegen 0.29/turn    (no ring)
MPRegen 0.10/turn

%: no passive effects
@: heavily drained, very slow
A: AC +2, large, see invisible, deformed body, poison resistance, slowness 2,
spit poison 1, naga tail 1
a: Spit Poison


You were on level 3 of the Dungeon.
You visited 1 branch of the dungeon, and saw 4 of its levels.

You collected 246 gold pieces.


Innate Abilities, Weirdness & Mutations

Your serpentine skin is tough. (AC +2)
You have supernaturally acute eyesight. (SInv)
Armour fits poorly on your strangely shaped body.
Your system is resistant to poisons. (rPois)
You cover ground very slowly.
You can spit poison.
You have a snake-like lower body.


   Skills:
 - Level 4.0 Fighting
 + Level 6.3 Ranged Weapons
 - Level 1.0 Armour
 - Level 2.3 Dodging
 - Level 1.5 Stealth


You had 6 spell levels left.
You didn't know any spells.
Your spell library was empty.

Inventory:

Hand Weapons
 Y - a +0 shortbow (weapon)
Armour
 a - a +0 pair of gloves (worn)
 b - a +0 cloak (worn)
 c - a +0 leather armour (worn)
 f - a +0 helmet (worn)
Jewellery
 e - a +5 ring of evasion (left hand)
Potions
 h - a potion of attraction {unknown}
 i - a potion of lignification {unknown}
 k - a potion of resistance {unknown}

Dungeon Overview and Level Annotations

Branches:
Dungeon (4/15)
 Temple: D:4-7

Altars:

Shops:
D:2 =

Annotations:
D:3 exclusion: 5 gnolls


Message History

The arrow hits the wight but does no damage.
The wight hits you with a +0 great sword!!
You feel drained.
3812 ||| STAIRDANCE The wight hits you with a +0 great sword.
You climb upwards.
Level annotation: exclusion: 5 gnolls
There is a stone staircase leading down here.
Enter note:
Enter note:
Enter note:
Enter note:
Enter note:
Enter note:
Enter note:
Enter note:
Enter note:
Enter note:
Enter note:
Enter note:
Enter note:
Enter note:
Enter note:
Enter note:
Enter note:
Enter note:
Enter note:
Enter note: You shoot an arrow.
The arrow hits the wight!
The wight is heavily damaged.
The wight hits you with a +0 great sword.
You feel drained.
The wight hits you with a +0 great sword!!
You feel drained.
You shoot an arrow. The arrow hits the wight.
The wight is severely damaged.
The wight barely misses you.
The wight hits you with a +0 great sword!
You feel drained.
You die...

# # # # # # #
####### ###### #
#@z...# #....# #
#z###.# #..^.# #
#.....###....# #
#.###........# #
#.# #.###....# #
#.# #........# #
#.######...).# #
#.........)[.### #
########.#.....###


You could see 2 wights.

Vanquished Creatures
  A gnoll sergeant (D:3)
  A howler monkey (D:3)
  A jelly (D:4)
  An iguana (D:3)
  2 orc wizards (D:3)
  13 gnolls (D:3)
  2 adders (D:3)
  3 worms
  22 orcs (D:3)
  3 bats
  3 endoplasms
  3 giant cockroaches
  4 hobgoblins
  16 jackals (D:3)
  9 kobolds
  12 ball pythons
  4 frilled lizards
  8 goblins
  4 rats
112 creatures vanquished.

Notes
Turn   | Place    | Note
-------+----------+-------------------------------------------
     0 | D:1      | qw the Naga Hunter began the quest for the Orb.
     0 | D:1      | Reached XP level 1. HP: 19/19 MP: 1/1
     0 | D:1      | 0 ||| qw: Version: 0.2-a-29-g1fa15c8
     0 | D:1      | 0 ||| qw: Game counter: 4982
     0 | D:1      | 0 ||| qw: Always use a shield: true
     0 | D:1      | 0 ||| qw: God list: Okawaru
     0 | D:1      | 0 ||| qw: Allow faded altars: false
     0 | D:1      | 0 ||| qw: Do Orc after D:15 true
     0 | D:1      | 0 ||| qw: Do second Lair branch before Depths: true
     0 | D:1      | 0 ||| qw: Lair rune preference: random
     0 | D:1      | 0 ||| qw: Plans: Normal
     0 | D:1      | 0 ||| PLANNING D:1-11
    31 | D:1      | 31 ||| INVOKING Spit Poison.
    64 | D:1      | 64 ||| INVOKING Spit Poison.
    69 | D:1      | 69 ||| INVOKING Spit Poison.
    70 | D:1      | Reached skill level 4 in Ranged Weapons
    70 | D:1      | Reached XP level 2. HP: 26/26 MP: 2/2
    74 | D:1      | 74 ||| INVOKING Spit Poison.
   199 | D:1      | 199 ||| INVOKING Spit Poison.
   227 | D:1      | 227 ||| INVOKING Spit Poison.
   263 | D:1      | 263 ||| INVOKING Spit Poison.
   266 | D:1      | 266 ||| INVOKING Spit Poison.
   280 | D:1      | 280 ||| INVOKING Spit Poison.
   283 | D:1      | 283 ||| INVOKING Spit Poison.
   327 | D:1      | 327 ||| INVOKING Spit Poison.
   338 | D:1      | 338 ||| INVOKING Spit Poison.
   344 | D:1      | 344 ||| INVOKING Spit Poison.
   368 | D:1      | 368 ||| INVOKING Spit Poison.
   391 | D:1      | Reached XP level 3. HP: 32/32 MP: 3/3
   432 | D:1      | 432 ||| INVOKING Spit Poison.
   737 | D:1      | 737 ||| INVOKING Spit Poison.
   738 | D:1      | 738 ||| INVOKING Spit Poison.
   793 | D:1      | Found a faded altar of an unknown god.
   879 | D:1      | 879 ||| UPGRADING to +0 helmet.
   884 | D:1      | 884 ||| READING scroll labelled BAUHOT EVEMME.
   941 | D:1      | 941 ||| READING scroll labelled GECOGG JANEU.
   942 | D:1      | 942 ||| DROPPING scroll of butterflies.
  1026 | D:2      | 1026 ||| INVOKING Spit Poison.
  1072 | D:2      | You fall into a shaft and drop 2 floors!
  1176 | D:4      | Reached skill level 5 in Ranged Weapons
  1176 | D:4      | Reached XP level 4. HP: 39/39 MP: 4/4
  1208 | D:4      | 1208 ||| INVOKING Spit Poison.
  1329 | D:4      | 1329 ||| UPGRADING to +0 cloak.
  1334 | D:4      | 1334 ||| UPGRADING to +5 ring of evasion.
  1335 | D:4      | 1335 ||| READING scroll labelled OZURUI KYIPURE.
  1384 | D:3      | 1384 ||| INVOKING Spit Poison.
  1390 | D:3      | 1390 ||| INVOKING Spit Poison.
  1396 | D:3      | 1396 ||| INVOKING Spit Poison.
  1399 | D:3      | 1399 ||| INVOKING Spit Poison.
  1453 | D:3      | 1453 ||| INVOKING Spit Poison.
  1458 | D:3      | 1458 ||| INVOKING Spit Poison.
  1463 | D:3      | 1463 ||| INVOKING Spit Poison.
  1469 | D:3      | 1469 ||| INVOKING Spit Poison.
  1478 | D:3      | 1478 ||| INVOKING Spit Poison.
  1482 | D:3      | 1482 ||| INVOKING Spit Poison.
  1483 | D:3      | Reached skill level 3 in Fighting
  1483 | D:3      | Reached XP level 5. HP: 49/49 MP: 5/5
  1485 | D:3      | 1485 ||| UPGRADING to +0 pair of gloves.
  1490 | D:3      | 1490 ||| DRINKING 2 fizzy brown potions.
  1491 | D:3      | 1491 ||| DROPPING potion of enlightenment.
  1494 | D:3      | 1494 ||| INVOKING Spit Poison.
  1509 | D:3      | 1509 ||| INVOKING Spit Poison.
  1550 | D:3      | 1550 ||| INVOKING Spit Poison.
  1565 | D:3      | 1565 ||| Stepping ~*~*~tactically~*~*~ (outnumbered).
  1567 | D:3      | 1567 ||| INVOKING Spit Poison.
  1580 | D:3      | 1580 ||| INVOKING Spit Poison.
  1642 | D:3      | 1642 ||| INVOKING Spit Poison.
  1650 | D:3      | 1650 ||| INVOKING Spit Poison.
  1656 | D:3      | 1656 ||| INVOKING Spit Poison.
  1662 | D:3      | 1662 ||| INVOKING Spit Poison.
  1667 | D:3      | 1667 ||| INVOKING Spit Poison.
  1671 | D:3      | 1671 ||| INVOKING Spit Poison.
  1727 | D:3      | 1727 ||| INVOKING Spit Poison.
  1734 | D:3      | 1734 ||| INVOKING Spit Poison.
  1773 | D:2      | 1773 ||| INVOKING Spit Poison.
  1815 | D:2      | 1815 ||| INVOKING Spit Poison.
  1905 | D:2      | 1905 ||| INVOKING Spit Poison.
  1960 | D:2      | 1960 ||| INVOKING Spit Poison.
  1982 | D:2      | 1982 ||| INVOKING Spit Poison.
  2075 | D:2      | 2075 ||| INVOKING Spit Poison.
  2157 | D:2      | 2157 ||| INVOKING Spit Poison.
  2179 | D:2      | Found Lenuig's Jewellery Shoppe.
  2185 | D:2      | 2185 ||| SHOPLISTING +4 ring of protection (396 gold, have
                  | 232).
  2185 | D:2      | 2185 ||| SHOPLISTING amulet of regeneration (330 gold, have
                  | 232).
  2185 | D:2      | 2185 ||| SHOPLISTING ring of willpower (275 gold, have
                  | 232).
  2206 | D:2      | 2206 ||| INVOKING Spit Poison.
  2211 | D:2      | 2211 ||| INVOKING Spit Poison.
  2264 | D:2      | 2264 ||| INVOKING Spit Poison.
  2367 | D:3      | 2367 ||| INVOKING Spit Poison.
  2373 | D:3      | Reached skill level 6 in Ranged Weapons
  2373 | D:3      | Reached XP level 6. HP: 33/56 MP: 6/6
  2473 | D:3      | 2473 ||| INVOKING Spit Poison.
  2478 | D:3      | 2478 ||| INVOKING Spit Poison.
  2576 | D:3      | 2576 ||| INVOKING Spit Poison.
  2579 | D:3      | 2579 ||| INVOKING Spit Poison.
  2639 | D:3      | 2639 ||| INVOKING Spit Poison.
  2652 | D:3      | 2652 ||| Stepping ~*~*~tactically~*~*~ (outnumbered).
  2653 | D:3      | 2653 ||| INVOKING Spit Poison.
  2654 | D:3      | 2654 ||| Stepping ~*~*~tactically~*~*~ (outnumbered).
  2657 | D:3      | 2657 ||| INVOKING Spit Poison.
  2663 | D:3      | 2663 ||| Stepping ~*~*~tactically~*~*~ (outnumbered).
  2664 | D:3      | 2664 ||| Stepping ~*~*~tactically~*~*~ (outnumbered).
  2665 | D:3      | 2665 ||| INVOKING Spit Poison.
  2670 | D:3      | 2670 ||| INVOKING Spit Poison.
  2674 | D:3      | 2674 ||| INVOKING Spit Poison.
  2675 | D:3      | Reached skill level 1 in Armour
  2678 | D:3      | 2678 ||| INVOKING Spit Poison.
  2685 | D:3      | 2685 ||| INVOKING Spit Poison.
  2688 | D:3      | 2688 ||| INVOKING Spit Poison.
  2693 | D:3      | 2693 ||| INVOKING Spit Poison.
  2813 | D:3      | 2813 ||| INVOKING Spit Poison.
  2820 | D:3      | 2820 ||| INVOKING Spit Poison.
  2822 | D:3      | HP: 10/57 [gnoll sergeant/+0 trident (7)]
  2823 | D:3      | 2823 ||| READING scroll of teleportation.
  2824 | D:3      | HP: 3/57 [gnoll sergeant/+0 trident (8)]
  3034 | D:3      | 3034 ||| INVOKING Spit Poison.
  3038 | D:3      | 3038 ||| INVOKING Spit Poison.
  3045 | D:3      | 3045 ||| INVOKING Spit Poison.
  3050 | D:3      | 3050 ||| INVOKING Spit Poison.
  3054 | D:3      | 3054 ||| INVOKING Spit Poison.
  3203 | D:3      | 3203 ||| INVOKING Spit Poison.
  3208 | D:3      | 3208 ||| INVOKING Spit Poison.
  3211 | D:3      | 3211 ||| READING scroll labelled INUNEH MUF.
  3215 | D:3      | Reached XP level 7. HP: 26/64 MP: 7/7
  3477 | D:3      | 3477 ||| INVOKING Spit Poison.
  3504 | D:3      | 3504 ||| INVOKING Spit Poison.
  3508 | D:3      | 3508 ||| INVOKING Spit Poison.
  3511 | D:3      | 3511 ||| INVOKING Spit Poison.
  3516 | D:3      | 3516 ||| INVOKING Spit Poison.
  3578 | D:3      | 3578 ||| READING scroll labelled ROL GEITTEAHODGH.
  3579 | D:3      | 3579 ||| READING scroll labelled EGUUC KIOSOA.
  3637 | D:3      | 3637 ||| INVOKING Spit Poison.
  3656 | D:3      | 3656 ||| INVOKING Spit Poison.
  3659 | D:3      | 3659 ||| INVOKING Spit Poison.
  3677 | D:3      | 3677 ||| INVOKING Spit Poison.
  3715 | D:3      | 3715 ||| INVOKING Spit Poison.
  3744 | D:3      | 3744 ||| DRINKING 2 smoky clear potions.
  3745 | D:3      | 3745 ||| DROPPING potion of brilliance.
  3770 | D:3      | 3770 ||| INVOKING Spit Poison.
  3776 | D:3      | 3776 ||| INVOKING Spit Poison.
  3786 | D:3      | 3786 ||| INVOKING Spit Poison.
  3812 | D:4      | 3812 ||| STAIRDANCE
  3814 | D:3      | HP: 14/57 [wight/+0 great sword (3)]
  3815 | D:3      | HP: 4/57 [wight/+0 great sword (10)]
  3815 | D:3      | Slain by a wight

Levels and vault maps discovered:
D:1:      scummos_arrival_star, layout_basic,
          shapermc_ecumenical_altar_hornbeckon, minmay_split_cup_small
D:2:      layout_loops_cross, serial_shops, nicolae_shop_rolling_square
D:3:      lemuel_castle_with_subvaults [lemuel_castle_interior_original],
          layout_basic
D:4:      layout_basic, minmay_statues_item, minmay_misc_feat_room,
          minmay_gold_behind_fungi, kennysheep_opposing_triangles

Skill      XL: |  1  2  3  4  5  6 |
---------------+-------------------+-----
Ranged Weapons | 4 5 6 |  6.3
Fighting       | 3 4 |  4.0
Armour         | 1 |  1.0
Dodging        | 2 |  2.3
Stealth        | |  1.5

Action                     |  1- 3 |  4- 6 |  7- 9 || total
---------------------------+-------+-------+-------++-------
   Fire: Shortbow          |    43 |   190 |    27 ||   260
Ability: Spit Poison       |    17 |    58 |    13 ||    88
    Use: Scroll            |     2 |     3 |     2 ||     7
         Potion            |       |     1 |     1 ||     2
 Armour: Leather armour    |     4 |    12 |       ||    16
  Dodge: Dodged            |     9 |    81 |     3 ||    93

Table legend:
 A = Non-vault XP
 B = Vault XP
 C = Vault XP percentage of total XP
 D = Non-vault monster count
 E = Vault monster count
 F = Vault count percentage of total count
                 A         B        C        D         E       F
            +---------+---------+-------+---------+---------+-------
      Total |     262 |     431 |  62.2 |      67 |      45 |  40.2
            +---------+---------+-------+---------+---------+-------
        D:1 |      31 |       6 |  16.2 |      19 |       3 |  13.6
        D:2 |      29 |       0 |   0.0 |      16 |       0 |   0.0
        D:3 |     156 |     425 |  73.1 |      29 |      42 |  59.2
        D:4 |      46 |       0 |   0.0 |       3 |       0 |   0.0
            +---------+---------+-------+---------+---------+-------
